 Dungeon Crawl Stone Soup version 0.28-a0-683-ga8797d1ae1 (webtiles) character file.

Game seed: 14159567309845708473

28 runemasterragnar the Skirmisher (level 3, -2/30 HPs)
             Began as a Formicid Abyssal Knight on Oct 19, 2021.
             Was a Follower of Lugonu.
             Slain by a worm (7 damage)
             ... on level 2 of the Dungeon.
             The game lasted 00:01:27 (1620 turns).

runemasterragnar the Skirmisher (FoAK)              Turns: 1620, Time: 00:01:27

Health: -2/30      AC:  3    Str: 18    XL:     3   Next: 30%
Magic:  4/4        EV: 11    Int:  9    God:    Lugonu [*.....]
Gold:   39         SH:  0    Dex: 11    Spells: 2/2 levels left

rFire   . . .      SeeInvis +   a - +1 hand axe
rCold   . . .      Faith    .   (no shield)
rNeg    . . .      Spirit   .   b - +0 leather armour
rPois   .          Reflect  .   (helmet unavailable)
rElec   .          Harm     .   (no cloak)
rCorr   .          Rampage  .   (no gloves)
Will    .....                   (no boots)
Stlth   +.........              (no amulet)
HPRegen 0.10/turn               (no ring)
MPRegen 0.09/turn               (no ring)

@: no status effects
A: permanent stasis, dig shafts and tunnels, antennae 3, four strong arms, [low
mp 2]
a: Dig, Shaft Self, Renounce Religion, Depart the Abyss


You were on level 2 of the Dungeon.
You worshipped Lugonu.
Lugonu was aware of your devotion.
You visited 1 branch of the dungeon, and saw 2 of its levels.
You visited the Abyss 1 time.

You collected 39 gold pieces.

Inventory:

Hand Weapons
 a - a +1 hand axe (weapon)
 d - a +0 mace
Armour
 b - a +0 leather armour (worn)
Jewellery
 e - a ring of fire
 h - a ring of flight
Scrolls
 c - 2 scrolls of identify {unknown}
Potions
 f - 2 potions of resistance {unknown}
 g - a potion of lignification {unknown}


   Skills:
 + Level 3.6 Fighting
 + Level 2.4 Axes
 + Level 2.6 Armour
 - Level 0.8 Dodging
 + Level 2.7 Invocations


You had 2 spell levels left.
You didn't know any spells.
Your spell library contained the following spells:

 Spells                   Type           Power      Damage    Failure   Level
 Gell's Gravitas          Tloc           0%         N/A       82%         3
 Lesser Beckoning         Tloc           0%         N/A       82%         3
 Teleport Other           Tloc           0%         N/A       82%         3


Dungeon Overview and Level Annotations

Branches:
Dungeon (2/15)

Altars:


Innate Abilities, Weirdness & Mutations

You cannot be hasted, slowed, berserked, paralysed or teleported.
You can dig through walls and to a lower floor.
You have a pair of large antennae on your head. (SInv)
Your four strong arms can wield two-handed weapons with a shield.
[Your magical capacity is very low. (-20% MP)]


Message History

You hit the bat.
You kill the bat!
Lugonu accepts your kill.
No target in view!
No target in view!
No target in view!
Found a robe.
A worm comes into view.
A worm is nearby!
A worm is nearby!
The worm barely misses you.
You hit the worm but do no damage. You hit the worm.
The worm is lightly wounded.
The worm barely misses you.
You barely miss the worm.
The worm is lightly wounded.
The worm bites you.
You hit the worm.
The worm is lightly wounded.
You hit the worm.
The worm is moderately wounded.
The worm bites you!
You hit the worm.
The worm is moderately wounded.
The worm bites you.
You hit the worm.
The worm is severely wounded.
You hit the worm.
The worm is almost dead.
The worm bites you.
* * * LOW HITPOINT WARNING * * *
You hit the worm.
The worm is almost dead.
The worm bites you.
* * * LOW HITPOINT WARNING * * *
You hit the worm.
The worm is almost dead.
The worm bites you!
You die...

#..# .# #..# .# #..##.#
#...#.# #...#.#
########.....#
[.........#..#
#.############.#..######
+.....w@.....#.#........
#.#..#######.#.#..######
# #...#.>..# {
#####.##.# #.# .# #.## #
#..#.# ##.#.# #.#.#


You could see a worm.

Vanquished Creatures
  A worm (D:2)
  2 endoplasms (D:1)
  A giant cockroach (D:1)
  A hobgoblin (D:1)
  7 kobolds
  2 ball pythons
  6 bats
  2 frilled lizards (D:1)
  A goblin (D:1)
  2 rats (D:1)
25 creatures vanquished.

Notes
Turn   | Place    | Note
-------+----------+-------------------------------------------
     0 | Abyss:1  | runemasterragnar the Formicid Abyssal Knight began the
                  | quest for the Orb.
     0 | Abyss:1  | Reached XP level 1. HP: 18/18 MP: 2/2
    29 | Abyss:1  | Found a corrupted altar of Lugonu.
    71 | Abyss:1  | Noticed a small abomination
    78 | Abyss:1  | Noticed a wretched star
    83 | Abyss:1  | Noticed a chaos spawn
    85 | D:1      | Escaped the Abyss
   415 | D:1      | Reached XP level 2. HP: 21/24 MP: 3/3
   952 | D:1      | Found a faded altar of an unknown god.
  1130 | D:1      | Reached * piety under Lugonu
  1180 | D:1      | Reached XP level 3. HP: 29/29 MP: 3/3
  1620 | D:2      | Slain by a worm

Illustrated notes

Levels and vault maps discovered:
D:1:      lightli_arrival_statue_moat, layout_basic,
          ebering_ecumenical_altar_rust, minmay_surrounded
D:2:      layout_basic, basic_altar

Action                   || total
-------------------------++-------
Melee: Hand axe          ||   102
Invok: Depart the Abyss  ||     1
  Use: Scroll            ||     1
Armor: Leather armour    ||    40
Dodge: Dodged            ||    67

Table legend: (Time is in decaauts)
 A = Elapsed time spent in this place.
 B = Non-inter-level travel time spent in this place.
 C = Inter-level travel time spent in this place.
 D = Time resting spent in this place.
 E = Time spent auto-exploring this place.
 F = Levels seen in this place.
 G = Mean time per level.
                   A        B        C        D        E       F      G
               +--------+--------+--------+--------+--------+-----+--------+
         Total |   1641 |   1620 |     21 |      0 |   1381 |   3 |  547.0 |
       Dungeon |   1553 |   1532 |     21 |      0 |   1312 |   2 |  776.5 |
         Abyss |     87 |     87 |      0 |      0 |     69 |   1 |   87.0 |
               +--------+--------+--------+--------+--------+-----+--------+

Top non-repeatable levels by time:
     D:1: 1171 daAuts
     D:2: 381 daAuts
 Abyss:1: 87 daAuts
